 Dungeon Crawl Stone Soup version 0.24.0-123-gd5b16e6ec5 (webtiles) character file.

Game seed: 5039489974020947916, levelgen mode: deterministic

257771 Devam the Basher (level 19, -12/146 HPs)
             Began as a Mummy Necromancer on Jan 13, 2020.
             Was an Initiate of Gozag.
             Mangled by a reaper
             ... wielding a +2 scythe of slicing
             ... summoned by a lich
              (31 damage)
             ... on level 1 of the Vaults on Jan 14, 2020.
             The game lasted 05:56:15 (73338 turns).

Devam the Basher (Mummy Necromancer)               Turns: 73338, Time: 05:56:15

Health: -12/146    AC: 24    Str: 12    XL:     19   Next: 10%
Magic:  40/40      EV: 11    Int: 22    God:    Gozag
Gold:   2799       SH: 12    Dex: 18    Spells: 3/34 levels left

rFire    . . .     SeeInvis .   l - +2 whip (elec)
rCold    + + +     Gourm    .   y - +0 shield
rNeg     + + +     Faith    .   j - +1 ice dragon scales
rPois    ∞         Spirit   .   g - +1 helmet "Wioblu" {+Blink rF+ Dex+4}
rElec    .         Reflect  .   e - +2 cloak
rCorr    +         Harm     .   h - +1 pair of gloves
MR       +++..                  w - +1 pair of boots of the Eight Boll Weevils {rF+ Int+2}
Stlth    ..........             u - amulet of regeneration
HPRegen  0.74/turn              J - ring "Ewkonn" {rN++ MR+ rCorr MP+9}
MPRegen  0.27/turn              x - ring of wizardry

@: about to teleport
A: no food or potions, fire vulnerability, cold resistance 1, negative energy
resistance 3, torment resistance, unbreathing, in touch with death 1
}: 2/15 runes: decaying, serpentine
a: Potion Petition, Call Merchant, Bribe Branch, Renounce Religion, Evoke Blink


You were on level 1 of the Vaults.
You worshipped Gozag.
Gozag was most pleased with you.
You were not hungry.

You visited 9 branches of the dungeon, and saw 35 of its levels.
You also visited: Bailey and Gauntlet.

You collected 14865 gold pieces.
You spent 2438 gold pieces at shops.
You paid 9628 gold pieces to Gozag.

Inventory:

Hand Weapons
 k - a +2 whip of venom
 l - a +2 whip of electrocution (weapon)
Missiles
 d - 795 stones
 i - 14 boomerangs (quivered)
 z - a throwing net
 L - 30 javelins
Armour
 e - a +2 cloak (worn)
 g - the +1 helmet "Wioblu" (worn) {+Blink rF+ Dex+4}
   (You bought it in a shop on level 1 of the Lair of Beasts)

   It affects your dexterity (+4).
   It protects you from fire.
   It lets you blink.
 h - a +1 pair of gloves (worn)
 j - +1 ice dragon scales (worn)
 w - the +1 pair of boots of the Eight Boll Weevils (worn) {rF+ Int+2}
   (You found it on level 7 of the Dungeon)

   It affects your intelligence (+2).
   It protects you from fire.
 y - a +0 shield (worn)
Jewellery
 u - an amulet of regeneration (around neck)
 v - an uncursed ring of protection from fire
 x - a ring of wizardry (right hand)
 J - the ring "Ewkonn" (left hand) {rN++ MR+ rCorr MP+9}
   (You found it on level 14 of the Dungeon)

   [ring of resist corrosion]

   It greatly protects you from negative energy.
   It affects your resistance to hostile enchantments.
   It affects your magic capacity (+9).
   It provides partial protection from all sources of acid and corrosion.
Wands
 n - a wand of polymorph (3)
 s - a wand of digging (19)
 A - a wand of paralysis (33)
 C - a wand of enslavement (6)
 D - a wand of scattershot (3)
 F - a wand of iceblast (19)
 I - a wand of acid (11)
 M - a wand of disintegration (25)
 N - a wand of flame (46)
Scrolls
 a - 6 scrolls of magic mapping
 c - a scroll of summoning
 f - 5 scrolls of immolation
 m - 10 scrolls of remove curse {@r2}
 o - 4 scrolls of fog
 p - 2 scrolls of acquirement {unknown}
 q - a scroll of silence
 r - a scroll of teleportation
 B - a scroll of holy word
 E - a scroll of enchant weapon
 Q - a scroll of vulnerability
Miscellaneous
 b - 2 phantom mirrors
 t - a lamp of fire
 G - a fan of gales
 P - a lightning rod (4/4)


   Skills:
 - Level 12.0 Fighting
 - Level 12.0 Maces & Flails
 - Level 10.0 Armour
 - Level 5.0 Dodging
 - Level 1.5 Stealth
 - Level 12.0 Shields
 - Level 8.0 Spellcasting
 + Level 9.8 Conjurations
 - Level 3.0 Hexes
 - Level 3.0 Charms
 + Level 8.2 Necromancy
 - Level 12.0 Air Magic
 - Level 9.0 Poison Magic
 - Level 5.0 Evocations


You had 3 spell levels left.
You knew the following spells:

 Your Spells              Type           Power        Failure   Level  Hunger
a - Dazzling Spray        Conj/Hex       #####.       4%          3    N/A
b - Vampiric Draining     Necr           ######....   2%          3    N/A
c - Poisonous Vapours     Pois/Air       ######       1%          2    N/A
d - Mephitic Cloud        Conj/Pois/Air  ######..     1%          3    N/A
e - Olgreb's Toxic Radia  Pois           #####...     5%          4    N/A
f - Swiftness             Chrm/Air       #####...     1%          2    N/A
g - Airstrike             Air            ######....   1%          4    N/A
h - Lightning Bolt        Conj/Air       ######....   7%          5    N/A
i - Dispel Undead         Necr           ######..     21%         5    N/A

Your spell library contained the following spells:

 Spells                   Type           Power        Failure   Level  Hunger
 Animate Skeleton         Necr           N/A          1%          1    N/A
 Magic Dart               Conj           ####         1%          1    N/A
 Pain                     Necr           ####         1%          1    N/A
 Shock                    Conj/Air       ####         1%          1    N/A
 Sting                    Conj/Pois      ####         1%          1    N/A
 Searing Ray              Conj           ######       1%          2    N/A
 Static Discharge         Conj/Air       ######..     1%          3    N/A
 Flame Tongue             Conj/Fire      ####.        2%          1    N/A
 Confusing Touch          Hex            ###...       6%          1    N/A
 Corona                   Hex            ###....      6%          1    N/A
 Ensorcelled Hibernation  Hex/Ice        ###...       17%         2    N/A
 Confuse                  Hex            ###.....     19%         3    N/A
 Tukima's Dance           Hex            ###.....     19%         3    N/A
 Apportation              Tloc           #.....       21%         1    N/A
 Summon Small Mammal      Summ           #...         21%         1    N/A
 Sticks to Snakes         Tmut           #.......     32%         2    N/A
 Gell's Gravitas          Tloc           #.........   52%         3    N/A
 Iskenderun's Mystic Bla  Conj           ######..     4%          4    N/A
 Animate Dead             Necr           N/A          8%          4    N/A
 Venom Bolt               Conj/Pois      ######....   12%         5    N/A
 Fulminant Prism          Conj/Hex       #####.....   16%         4    N/A
 Summon Lightning Spire   Summ/Air       #####...     17%         4    N/A
 Agony                    Necr           ######..     21%         5    N/A
 Force Lance              Conj/Tloc      ####....     26%         4    N/A
 Silence                  Hex/Air        #####.....   26%         5    N/A
 Conjure Ball Lightning   Conj/Air       ######....   34%         6    N/A
 Iskenderun's Battlesphe  Conj/Chrm      #####...     38%         5    N/A
 Cause Fear               Hex            ###.......   50%         4    N/A
 Fireball                 Conj/Fire      ####......   58%         5    N/A
 Irradiate                Conj/Tmut      ####......   58%         5    N/A
 Deflect Missiles         Chrm/Air       #####.....   80%         6    N/A
 Freezing Cloud           Conj/Ice/Air   #####.....   82%         6    N/A
 Petrify                  Tmut/Erth      #.......     88%         4    N/A
 Metabolic Englaciation   Hex/Ice        ###.......   95%         5    N/A
 Yara's Violent Unravell  Hex/Tmut       ###.......   95%         5    N/A
 Bolt of Fire             Conj/Fire      ####......   98%         6    N/A
 Simulacrum               Ice/Necr       #####.....   99%         6    N/A
 Dragon's Call            Summ           #.........   100%        9    N/A
 Tornado                  Air            ######....   100%        9    N/A
 Regeneration             Chrm/Necr      Unusable     N/A         3    N/A
 Spider Form              Tmut/Pois      Unusable     N/A         3    N/A
 Beastly Appendage        Tmut           Unusable     N/A         1    N/A
 Ice Form                 Ice/Tmut       Unusable     N/A         4    N/A
 Blade Hands              Tmut           Unusable     N/A         5    N/A
 Dragon Form              Tmut           Unusable     N/A         7    N/A

Dungeon Overview and Level Annotations

Branches:
Dungeon (15/15)            Temple (1/1) D:4            Lair (6/6) D:8
  Swamp (4/4) Lair:3        Snake (4/4) Lair:4        Slime (0/5) Lair:5
    Orc (2/2) D:10            Elf (1/3) Orc:2        Vaults (1/5) D:14
 Depths (1/5) D:15         Bailey (visited)         Gauntlet (visited)

Altars:
Ashenzari
Cheibriados
Dithmenos
Elyvilon
Fedhas
Gozag
Hepliaklqana
Kikubaaqudgha
Makhleb
Nemelex Xobeh
Okawaru
Qazlal
Ru
Sif Muna
Trog
Uskayaw
Vehumet
Wu Jian
Xom
Yredelemnul
Zin
The Shining One
Beogh

Shops:
D:5 *   D:14 }   D:15 }   Orc:2 !**(   Lair:1 (:[(:   Snake:1 *   Vaults:1 **

Portals:
Trove: D:15 (show slimy rune of Zot)

Annotations:
Lair:5 exclusion: 4 oklob plants
Swamp:3 1 runed translucent door, 1994's ghost, adept SpVM
Snake:3 1 runed translucent door, Dittersdorf's ghost, adept MiBe
Snake:4 Vashnia
Elf:1 Donald
Vaults:1 3 runed translucent doors, exclusion: obsidian statue, SlowGraham's ghost, legendary KoMo


Innate Abilities, Weirdness & Mutations

You do not eat or drink.
Your flesh is vulnerable to fire.
You are immune to poison.
Your flesh is cold resistant. (rC+)
You are immune to negative energy. (rN+++)
You are immune to unholy pain and torment.
You can survive without breathing.
You are in touch with the powers of death.


Message History

The shadow demon gestures.
The reaper hits you from afar with a +2 scythe of slicing!!
The shadow demon gestures.
As you read the scroll of teleportation, it crumbles to dust.
You feel strangely unstable.
The soldier ant changes into a raiju!
A lich appears from thin air!
Reactivating autopickup.
The cyclops throws a large rock.
You block the large rock.
The large rock dissolves into shadows!
The ynoxinul gestures.
The reaper hits you from afar with a +2 scythe of slicing!!
The lich points at you and mumbles some strange words.
The iron shot hits you!!!
* * * LOW HITPOINT WARNING * * *
The shadow demon gestures.
The cyclops dissolves into shadows!
The flayed ghost dissolves into shadows!
The reaper hits you from afar with a +2 scythe of slicing!!
You die...
Your body crumbles into a pile of gold.

##############
#@..Z........#
#..L....1....#
#..2h.3.Z....# #
#..55Z.......# ##
#....32......# ##.
#............###..
############'##..^
#.......'...
#.......#{.⌠


You could see an Ice Fiend, a lich, a reaper, a shadow demon, a raiju shaped
shifter, 2 ynoxinuls, a vault warden simulacrum, an ironbrand convoker
simulacrum, a deep elf archer simulacrum and 2 ufetubi.

Vanquished Creatures
  Asterion (Vaults:1)
  Rupert (Orc:1)
  2 thorn hunters
  Kirke (Lair:4)
  Gastronok (Lair:3)
  3 tengu reavers
  7 nagarajas
  A deep elf sorcerer (D:14)
  Louise (Swamp:3)
  An orc warlord (Orc:1)
  2 vault wardens (Vaults:1)
  Aizul (Snake:4)
  4 ironheart preservers
  Azrael (Snake:3)
  A minotaur (Gauntlet)
  A dire elephant (Lair:6)
  Snorg (Lair:3)
  2 ettins
  4 fire dragons
  12 vault guards
  Fannar (Lair:3)
  A rakshasa (Vaults:1)
  11 naga warriors
  An ice dragon (Vaults:1)
  A merfolk avatar (Lair:6)
  8 centaur warriors
  A shambling mangrove (Swamp:2)
  3 ghost crabs
  A catoblepas (Lair:6)
  Erica (D:8)
  20 hydras
  16 alligators
  11 anacondas
  3 two-headed ogres
  A tengu warrior (D:15)
  8 death yaks (Lair:5)
  18 naga sharpshooters
  6 shock serpents (Snake:4)
  Sonja (D:11)
  2 deep elf knights (D:14)
  2 skeletal warriors (D:15)
  A fire crab (Swamp:4)
  A flayed ghost (D:15)
  6 salamander mystics
  2 wizards (Gauntlet)
  5 deep trolls
  2 unseen horrors
  6 naga ritualists
  Pikel (D:5)
  5 orc knights
  5 lindwurms
  6 swamp dragons
  A death drake (shapeshifter) (Vaults:1)
  A golden dragon skeleton (D:15)
  A sphinx zombie (D:15)
  7 ironbrand convokers
  A deep elf archer (Vaults:1)
  12 deep elf magi
  An orb spider (shapeshifter) (Vaults:1)
  2 wolf spiders
  2 manticores
  A necromancer (D:15)
  11 mana vipers
  5 salamanders
  3 cyclopes
  23 ugly things
  3 vault sentinels (Vaults:1)
  11 elephants
  26 naga magi
  36 black mambas
  7 guardian serpents
  5 orange demons (D:14)
  2 gargoyles (D:11)
  19 spiny frogs
  A torpor snail (Lair:6)
  7 rime drakes
  A yaktaur zombie (D:15)
  A yaktaur (D:14)
  2 kobold demonologists
  An efreet (D:15)
  14 komodo dragons
  3 trolls
  A freezing wraith (D:14)
  3 red devils (D:14)
  3 tengu conjurers
  6 polar bears
  A raiju (shapeshifter) (Vaults:1)
  19 slime creatures
  9 hornets
  5 bog bodies
  13 blink frogs (Lair:6)
  10 tyrant leeches
  A harpy skeleton (D:15)
  4 dream sheep
  12 hippogriffs
  A spectral black mamba (Gauntlet)
  3 centaur simulacra
  A deep troll zombie (D:15)
  A vampire (D:12)
  3 shadows
  7 spriggans
  2 water elementals
  2 wyverns
  30 yaks
  4 fire bats (Swamp:4)
  3 fire elementals
  3 hogs (Lair:4)
  A hog (shapeshifter) (D:14)
  3 steam dragons
  4 basilisks
  4 hungry ghosts
  23 vampire mosquitoes
  36 nagas
  2 soldier ants (D:13)
  16 swamp worms
  3 wargs
  11 water moccasins
  4 hell hounds
  7 porcupines
  A slave (D:5)
  8 swamp drakes
  3 phantoms
  42 orc warriors
  3 ice beasts
  6 ogres
  9 wolves
  22 centaurs
  24 crocodiles
  2 big kobolds
  A gnoll sergeant (D:8)
  13 bullfrogs
  An earth elemental (Elf:1)
  A water moccasin zombie (D:9)
  A scorpion (D:6)
  5 killer bees (D:10)
  3 wights (D:8)
  5 electric eels
  6 howler monkeys
  8 crimson imps
  3 centaur zombies
  A wyvern simulacrum (Gauntlet)
  2 bullfrog zombies
  6 hounds
  A jelly (D:9)
  19 orc priests
  A bullfrog skeleton (D:5)
  19 orc wizards
  6 centaur skeletons
  7 iguanas
  6 hell rats
  7 worker ants
  2 bullfrog simulacra (Gauntlet)
  2 worker ant zombies
  A howler monkey zombie (D:6)
  5 gnolls (D:8)
  31 adders
  5 river rats
  10 shadow imps
  A white imp (Gauntlet)
  3 oozes
  2 worms (D:3)
  5 dart slugs
  10 leopard geckos
  106 orcs
  4 ball pythons
  8 bats
  4 giant cockroaches
  7 goblins
  10 hobgoblins
  16 jackals
  8 quokkas
  13 frilled lizards
  A giant cockroach zombie (D:6)
  A jackal skeleton (D:4)
  16 kobolds
  A leopard gecko zombie (D:6)
  A quokka skeleton (D:4)
  14 rats
  5 plants
1210 creatures vanquished.

Vanquished Creatures (others)
  2 dancing weapons (Elf:1)
  A lindwurm (Swamp:4)
  A naga mage (Snake:4)
  A shadow (Swamp:4)
  A slave (D:5)
  3 steam dragons (Swamp:4)
  A swamp worm (Swamp:3)
  4 swamp drakes (Swamp:4)
  A crocodile (Lair:1)
  A water moccasin skeleton (D:5)
  A howler monkey (D:5)
  A hound (D:5)
  An adder (D:5)
  A giant cockroach (D:5)
  2 frilled lizards (Lair:1)
  6 briar patches (Lair:3)
  44 fungi
  23 plants
  9 withered plants (D:15)
104 creatures vanquished.

Grand Total: 1314 creatures vanquished

Notes
Turn   | Place    | Note
-------+----------+-------------------------------------------
     0 | D:1      | Devam the Mummy Necromancer began the quest for the Orb.
     0 | D:1      | Reached XP level 1. HP: 13/13 MP: 4/4
    36 | D:1      | Noticed a big kobold
    36 | D:1      | Noticed a big kobold
    36 | D:1      | Noticed a big kobold
    44 | D:1      | Noticed a big kobold
   223 | D:1      | Reached XP level 2. HP: 19/19 MP: 1/5
  1122 | D:1      | Reached skill level 5 in Necromancy
  1166 | D:1      | Reached XP level 3. HP: 24/24 MP: 5/7
  1341 | D:2      | Learned a level 3 spell: Vampiric Draining
  1557 | D:2      | Found an ornate altar of the Wu Jian Council.
  1670 | D:2      | Found a basalt altar of Yredelemnul.
  1671 | D:2      | Found an ancient bone altar of Kikubaaqudgha.
  1931 | D:2      | Reached XP level 4. HP: 26/30 MP: 5/8
  1958 | D:2      | Found a hide-covered altar of Uskayaw.
  3013 | D:3      | Reached XP level 5. HP: 35/35 MP: 5/9
  3115 | D:3      | Found a shattered altar of Ashenzari.
  3628 | D:4      | Found a sacrificial altar of Ru.
  3669 | D:4      | Found a staircase to the Ecumenical Temple.
  3675 | D:4      | Noticed a phantom
  3677 | Temple   | Entered the Ecumenical Temple
  4076 | D:4      | Reached skill level 1 in Armour
  4120 | D:4      | Reached XP level 6. HP: 26/41 MP: 8/10
  4786 | D:5      | Entered Level 5 of the Dungeon
  4786 | D:5      | Found an opulent altar of Gozag.
  4789 | D:5      | Found Gozag's Platinum Reserve.
  4793 | D:5      | Became a worshipper of Gozag Ym Sagoz the Greedy
  4929 | D:5      | Found a snail-covered altar of Cheibriados.
  4939 | D:5      | Noticed a slave
  4939 | D:5      | Noticed Pikel
  4963 | D:5      | Killed a slave
  5037 | D:5      | Noticed a slave
  5038 | D:5      | Noticed a slave
  5040 | D:5      | Noticed a slave
  5046 | D:5      | Killed Pikel
  5046 | D:5      | Reached XP level 7. HP: 26/46 MP: 2/11
  5158 | D:5      | Reached skill level 1 in Maces & Flails
  5279 | D:5      | Killed a freed slave
  5369 | D:5      | Reached XP level 8. HP: 45/52 MP: 12/12
  6150 | D:7      | Found a flagged portal.
  6198 | D:7      | Got a pair of translucent boots
  6206 | D:7      | Identified the +1 pair of boots of the Eight Boll Weevils
                  | {rF+ Int+2} (You found it on level 7 of the Dungeon)
  6253 | Bailey   | Entered a bailey
  6414 | Bailey   | Reached skill level 1 in Fighting
  6843 | D:7      | Found a shimmering blue altar of Sif Muna.
  6910 | D:7      | Found a glowing golden altar of the Shining One.
  7393 | D:8      | Reached skill level 5 in Maces & Flails
  7458 | D:8      | Noticed Erica
  7475 | D:8      | Killed Erica
  7475 | D:8      | Reached skill level 5 in Fighting
  7475 | D:8      | Reached XP level 9. HP: 56/68 MP: 9/13
  7949 | D:8      | Found a staircase to the Lair.
  7987 | D:8      | Found a sparkling altar of Nemelex Xobeh.
  8217 | D:8      | Found a hazy altar of Hepliaklqana.
  8824 | D:9      | Found a white marble altar of Elyvilon.
  8963 | D:9      | Reached XP level 10. HP: 68/74 MP: 11/14
  9415 | D:10     | Entered Level 10 of the Dungeon
  9447 | D:10     | Noticed a gargoyle
  9637 | Lair:1   | Entered Level 1 of the Lair of Beasts
  9815 | Lair:1   | Reached skill level 5 in Armour
  9897 | Lair:1   | Reached skill level 5 in Shields
 10014 | Lair:1   | Noticed a four-headed hydra
 10643 | Lair:1   | Noticed a spiny frog
 10657 | Lair:1   | Killed a spiny frog
 11231 | Lair:1   | Noticed a black mamba
 11241 | Lair:1   | Killed a black mamba
 11552 | Lair:1   | Got a shimmering hunting sling
 11555 | Lair:1   | Identified the +4 hunting sling of Propriety {venom, Int+8}
                  | (You found it on level 1 of the Lair of Beasts)
 11844 | Lair:2   | Reached XP level 11. HP: 68/79 MP: 15/15
 12078 | Lair:2   | Learned a level 2 spell: Poisonous Vapours
 12082 | Lair:2   | Learned a level 3 spell: Mephitic Cloud
 12087 | Lair:2   | Learned a level 4 spell: Olgreb's Toxic Radiance
 12333 | Lair:2   | Reached skill level 1 in Conjurations
 12388 | Lair:2   | Reached skill level 1 in Air Magic
 12388 | Lair:2   | Reached skill level 1 in Poison Magic
 12604 | Lair:2   | Noticed a five-headed hydra
 13120 | Lair:3   | Noticed Snorg
 13140 | Lair:3   | Found a staircase to the Swamp.
 13143 | Lair:3   | Noticed Fannar
 13403 | Lair:3   | Noticed Gastronok
 13481 | Lair:3   | Killed Gastronok
 13828 | Lair:3   | Reached skill level 5 in Poison Magic
 13922 | Lair:3   | Got a heavily runed ring mail
 13934 | Lair:3   | Identified the cursed +0 ring mail "Ybymazud" {+Fly rElec
                  | Slay-6} (You found it on level 3 of the Lair of Beasts)
 14024 | Lair:3   | Killed Fannar
 14499 | Lair:3   | Killed Snorg
 14499 | Lair:3   | Reached XP level 12. HP: 85/89 MP: 6/16
 14766 | Lair:4   | Found a staircase to the Snake Pit.
 15148 | Lair:4   | Identified the Papyrus of the Unseen Realm
 15318 | Lair:4   | Noticed a seven-headed hydra
 15751 | Lair:4   | Noticed a seven-headed hydra
 15951 | Lair:5   | Found a gate leading to a gauntlet.
 16038 | Gauntlet | Entered a Gauntlet
 16038 | Gauntlet | Found a transporter.
 16045 | Gauntlet | Noticed a death scarab
 16046 | Gauntlet | Found a transporter.
 16048 | Gauntlet | Found a transporter.
 16070 | Gauntlet | Found a transporter.
 16072 | Gauntlet | Found a transporter.
 16091 | Gauntlet | Found a transporter.
 16091 | Gauntlet | Found a large runed translucent door.
 16091 | Gauntlet | Found a large runed translucent door.
 16094 | Gauntlet | Found a large runed translucent door.
 16094 | Gauntlet | Found a large runed translucent door.
 16094 | Gauntlet | Found a runed translucent door.
 16094 | Gauntlet | Found a runed translucent door.
 16094 | Gauntlet | Found a large runed translucent door.
 16248 | Gauntlet | Found a large runed translucent door.
 16248 | Gauntlet | Found a large runed translucent door.
 16248 | Gauntlet | Found a large runed translucent door.
 16249 | Gauntlet | Found a large runed translucent door.
 16250 | Gauntlet | Found a large runed translucent door.
 16256 | Gauntlet | Found a transporter.
 16310 | Gauntlet | Found a transporter.
 16337 | Gauntlet | Found a large runed translucent door.
 16338 | Gauntlet | Found a large runed translucent door.
 16339 | Gauntlet | Found a large runed translucent door.
 16343 | Gauntlet | Found a large runed translucent door.
 16344 | Gauntlet | Found a large runed translucent door.
 16357 | Gauntlet | Found a transporter.
 16376 | Gauntlet | Found a transporter.
 16461 | Gauntlet | Got a pair of slimy gloves
 16474 | Gauntlet | Identified the cursed -3 pair of gloves of Ceteibyi {rC+
                  | Dex+4} (You found it in a Gauntlet)
 16515 | Gauntlet | Found a runed translucent gate.
 16523 | Gauntlet | Noticed a cacodemon
 16523 | Gauntlet | Found a transporter.
 16525 | Gauntlet | Found a transporter.
 16525 | Gauntlet | Noticed a death yak
 16526 | Gauntlet | Noticed a death yak
 16527 | Gauntlet | Noticed a death yak
 16527 | Gauntlet | Noticed a death yak
 16528 | Gauntlet | Noticed a death yak
 16538 | Gauntlet | Noticed a minotaur
 16561 | Gauntlet | Killed a minotaur
 16703 | Lair:5   | Noticed a seven-headed hydra
 17125 | Lair:4   | Killed a seven-headed hydra
 17445 | Lair:5   | Noticed Kirke
 17461 | Lair:4   | Reached skill level 10 in Fighting
 17620 | Lair:4   | Killed Kirke
 18182 | Lair:5   | Found a staircase to the Slime Pits.
 18287 | Lair:6   | Entered Level 6 of the Lair of Beasts
 18288 | Lair:6   | Noticed a death yak
 18300 | Lair:5   | Gained mutation: You are in touch with the powers of death.
                  | [Mummy growth]
 18300 | Lair:5   | Reached XP level 13. HP: 66/103 MP: 12/17
 19382 | Lair:6   | HP: 4/103 [blink frog (9)]
 19575 | Lair:6   | Reached skill level 10 in Maces & Flails
 19950 | Lair:6   | Noticed a dire elephant
 22310 | Lair:6   | Killed a dire elephant
 22467 | Lair:6   | Reached XP level 14. HP: 110/110 MP: 2/18
 22824 | Lair:6   | Reached skill level 5 in Air Magic
 23107 | Lair:6   | Learned a level 2 spell: Swiftness
 23112 | Lair:6   | Learned a level 4 spell: Airstrike
 24483 | D:10     | Found a staircase to the Orcish Mines.
 24528 | D:10     | Got a fabulously ornate robe
 24539 | D:10     | Identified the cursed +0 robe of Intercession {rElec Int+4}
                  | (You found it on level 10 of the Dungeon)
 25087 | Orc:1    | Entered Level 1 of the Orcish Mines
 25301 | Orc:1    | Reached skill level 1 in Charms
 25302 | Orc:1    | Found a roughly hewn altar of Beogh.
 25806 | Orc:2    | Entered Level 2 of the Orcish Mines
 26258 | Orc:2    | Found a staircase to the Elven Halls.
 26473 | Orc:2    | Noticed Rupert
 26489 | Orc:2    | Paralysed by Rupert for 4 turns
 26887 | Orc:2    | Noticed an orc warlord
 26964 | Orc:1    | Killed an orc warlord
 26964 | Orc:1    | Reached skill level 5 in Spellcasting
 27292 | Orc:1    | Paralysed by Rupert for 2 turns
 28404 | Orc:2    | Found Coudaok's General Store.
 28404 | Orc:2    | Found Coggaqed's Assorted Antiques.
 28407 | Orc:2    | Found Notoupse's Antique Weapon Emporium.
 28409 | Orc:2    | Found Lylokhleo's Distillery.
 28964 | D:11     | Noticed Sonja
 28969 | D:11     | Killed Sonja
 31573 | D:14     | Reached XP level 15. HP: 115/115 MP: 19/22
 31596 | D:14     | Learned a level 5 spell: Lightning Bolt
 31800 | D:14     | Got a flickering silver ring
 31802 | D:14     | Identified the ring "Ewkonn" {rN++ MR+ rCorr MP+9} (You
                  | found it on level 14 of the Dungeon)
 31896 | D:14     | Found Piwnuept's Gadget Emporium.
 32111 | D:14     | Reached skill level 5 in Conjurations
 33148 | D:14     | Reached skill level 10 in Air Magic
 33171 | D:14     | Found a gate to the Vaults.
 33295 | D:15     | Entered Level 15 of the Dungeon
 33954 | D:15     | Found Furgh's Gadget Boutique.
 35966 | D:15     | Found a staircase to the Depths.
 35987 | D:15     | Noticed a tengu reaver
 36105 | D:15     | Noticed a tengu reaver
 36139 | D:15     | Killed a tengu reaver
 36318 | D:15     | Reached skill level 5 in Dodging
 36523 | D:15     | Killed a tengu reaver
 36873 | D:15     | Found a portal to a secret trove of treasure.
 37194 | Lair:1   | Bought the +1 helmet "Wioblu" {+Blink rF+ Dex+4} for 544
                  | gold pieces
 37194 | Lair:1   | Bought +0 ice dragon scales for 840 gold pieces
 37226 | Lair:1   | Bought Okkus's Handbook of Destructive Evil for 1054 gold
                  | pieces
 37321 | Swamp:1  | Entered Level 1 of the Swamp
 37395 | Swamp:1  | Got a transparent brass ring
 37410 | Lair:3   | Identified the cursed ring "Uniunworch" {*Corrode Int+5
                  | Slay-3} (You found it on level 1 of the Swamp)
 37460 | Swamp:1  | Noticed a thorn hunter
 37816 | Lair:3   | HP: 6/120 [thorn hunter/volley of thorns (10)]
 38546 | Swamp:1  | Reached XP level 16. HP: 91/127 MP: 23/23
 41618 | Swamp:3  | Found a runed translucent door.
 41618 | Swamp:3  | Found a shimmering altar of Xom.
 41618 | Swamp:3  | Noticed 1994's ghost (adept SpVM)
 42460 | Elf:1    | Entered Level 1 of the Elven Halls
 42864 | Elf:1    | Identified the Tome of Freezing Black Magic
 43891 | Elf:1    | Identified the +5 shield of Inevitability {+Fly rN++ Int+3}
 43891 | Elf:1    | Noticed Donald
 44290 | Snake:1  | Entered Level 1 of the Snake Pit
 44653 | Snake:1  | Reached skill level 10 in Shields
 44958 | Snake:1  | Found Jodu's Assorted Antiques.
 49616 | Snake:3  | Noticed Azrael
 51078 | Swamp:3  | Noticed Louise
 51090 | Swamp:3  | Killed Louise
 51677 | Swamp:4  | Entered Level 4 of the Swamp
 51844 | Swamp:3  | Reached XP level 17. HP: 81/133 MP: 2/24
 56358 | Swamp:4  | Got a decaying rune of Zot
 56830 | Vaults:1 | Entered Level 1 of the Vaults
 58548 | Snake:3  | Killed Azrael
 58856 | Snake:3  | Found a runed translucent door.
 58857 | Snake:3  | Found a shimmering altar of Xom.
 58857 | Snake:3  | Noticed Dittersdorf's ghost (adept MiBe)
 59745 | Snake:4  | Entered Level 4 of the Snake Pit
 60771 | Snake:4  | Noticed Aizul
 60806 | Snake:4  | Killed Aizul
 63163 | Snake:4  | Reached XP level 18. HP: 130/140 MP: 28/28
 66442 | Snake:4  | Reached skill level 10 in Armour
 66878 | Snake:4  | Reached skill level 1 in Evocations
 67031 | Snake:4  | Learned a level 5 spell: Dispel Undead
 68358 | Snake:4  | Got a serpentine rune of Zot
 68494 | Snake:4  | Noticed Vashnia
 68697 | Lair:1   | Learned a level 3 spell: Dazzling Spray
 68868 | Orc:1    | Killed Rupert
 69348 | Depths:1 | Entered Level 1 of the Depths
 69747 | Vaults:1 | Reached skill level 1 in Hexes
 69902 | Vaults:1 | Reached skill level 5 in Evocations
 71899 | Vaults:1 | Reached XP level 19. HP: 146/146 MP: 18/31
 72174 | Vaults:1 | Noticed Asterion
 72643 | Vaults:1 | Found a runed translucent gate.
 72644 | Vaults:1 | Found a runed translucent gate.
 72644 | Vaults:1 | Found an opulent altar of Gozag.
 72645 | Vaults:1 | Found a runed translucent gate.
 72647 | Vaults:1 | Noticed SlowGraham's ghost (legendary KoMo)
 72648 | Vaults:1 | Found Biber's Assorted Antiques.
 72649 | Vaults:1 | Found Doruf's Assorted Antiques.
 73021 | Vaults:1 | Killed Asterion
 73187 | Vaults:1 | Identified the +1 robe "Ceoc" {rF+ Str+3}
 73338 | Vaults:1 | Mangled by a reaper

Levels and vault maps discovered:
D:1:      erik_arrival_cave_to_civilisation [erik_arrival_cave_to_temple],
          layout_basic
D:2:      layout_basic, kiku_gazebo_pond_becter, lemuel_crystal_altar,
          lemuel_crystal_altar, overflow_temple_1_default,
          chequers_hall_statues_y, guppyfry_early_orc_mine
D:3:      layout_basic, ashenzari_altar_1, minmay_vboxes
D:4:      layout_cave_pods, nicolae_ru_path_of_blood,
          minmay_temple_entry_statues_pillars, corexii_shack,
          kennysheep_generic_room_16
D:5:      layout_basic, kennysheep_mini, nicolae_gozag_zags_fifth_avenue,
          first_ration, uniq_pikel
D:6:      layout_basic
D:7:      layout_loops_ring, overflow_temple_1_default, led_sif_pool,
          enter_bailey_8
D:8:      layout_cave_pods, kennysheep_little_box,
          nemelex_xobeh_ov_fountains_minmay, dpeg_oklobed_lair, uniq_erica
D:9:      layout_cave_pods, lemuel_crystal_altar
D:10:     layout_loops_cross, orc_0_dummy
D:11:     layout_loops_cross, uniq_sonja
D:12:     layout_stronghold, the_bakery
D:13:     layout_rooms
D:14:     layout_rooms, erik_vaults_2, chequers_hall_statues_wall_a,
          serial_shops, kennysheep_mini_moat, minmay_beelzebubs_servants
D:15:     gammafunk_depths_entry_grave, layout_irregular_city,
          serial_bayou_ford_a, serial_shops, shop, enter_trove_3,
          dispersion_dpeg
Temple:   compressed_dpeg_triangle_lava_temple
Lair:1:   lemuel_reptile_caves, layout_long_grid, serial_bayou_lake_a
Lair:2:   layout_cave_pods, kennysheep_abandoned_house, grunt_megastairs_2
Lair:3:   layout_loops_ring, swamp_mist, chequers_serial_rivers_micro_e,
          grunt_megastairs_3, serial_bayou_shore_b, infiniplex_staircase_pool_2,
          uniq_fannar, uniq_gastronok, uniq_snorg
Lair:4:   layout_regular_city, minmay_snake_entry_six_corridors,
          chequers_serial_rivers_marsh, small_statue_intersection
Lair:5:   minmay_lair_venomous_thicket, layout_misc_corridors,
          minmay_slime_entry_oklob_enclosed, gauntlet_entry_generic,
          nicolae_volcano_entry_lava_flow, uniq_kirke
Lair:6:   gammafunk_lair_ancient_temple, layout_regular_city, st_stairs_6
Swamp:1:  layout_basic_swamp, evilmike_swamp_ruin_house_1
Swamp:2:  layout_falls_marsh, evilmike_swamp_ruin_rubble_1, swamp_pool2
Swamp:3:  layout_basic_swamp, ebering_ghost_xom, evilmike_swamp_ruin_house_5,
          uniq_louise
Swamp:4:  swamp_fiery, layout_basic_swamp
Snake:1:  layout_misc_corridors, serial_shops, shop
Snake:2:  layout_basic, special_room, nicolae_coiled_stairwell_down
Snake:3:  layout_rooms, ebering_ghost_xom, uniq_azrael
Snake:4:  snake_pit_salamanders_mu, layout_onion_interference, uniq_aizul,
          uniq_vashnia
Orc:1:    layout_diamond_mine, basic_altar, mines2_lemuel
Orc:2:    st_orc_rangers, layout_caves, uniq_rupert
Elf:1:    eino_elf_arrival_customs, layout_geoelf_grid,
          kennysheep_underground_church, minivault_25, minmay_shop_grove,
          uniq_donald
Vaults:1: ebering_vaults_ghost_gozag, v_rooms_4, v_rooms_3,
          vaults_room_semicircle, grunt_tower_of_power,
          nicolae_vaults_mini_display_case, vaults_dpeg_encased_lava,
          vaults_mumra_hex, nicolae_vaults_shelves_hall,
          vaults_room_grunt_arrival_checkpoint, serial_ice_g,
          layout_vaults_omnicross, uniq_asterion
Depths:1: layout_twisted_cross, nrook_campfire, hell_entry, abyss_entry,
          corexii_hall_statues_deadend, pandoras_box_mu, serial_bayou_shore_a,
          uniq_enchantress

Skill      XL: |  1  2  3  4  5  6  7  8  9 10 11 12 13 14 15 16 17 18 |
---------------+-------------------------------------------------------+-----
Necromancy     | 5 6 7 8 |  8.2
Armour         | 1 4 5 6 7 10 | 10.0
Shields        | 4 8 10 12 | 12.0
Maces & Flails | 2 5 7 8 12 | 12.0
Fighting       | 5 6 10 12 | 12.0
Spellcasting   | 3 5 7 8 |  8.0
Conjurations   | 3 4 5 6 8 9 |  9.8
Air Magic      | 3 4 8 10 11 12 | 12.0
Poison Magic   | 6 8 9 |  9.0
Charms         | 3 |  3.0
Dodging        | 5 |  5.0
Evocations     | 5 |  5.0
Hexes          | 3 |  3.0
Stealth        | |  1.5

Action                   |  1- 3 |  4- 6 |  7- 9 | 10-12 | 13-15 | 16-18 | 19-21 || total
-------------------------+-------+-------+-------+-------+-------+-------+-------++-------
Melee: Short sword       |    14 |       |       |       |       |       |       ||    14
       Dagger            |    12 |    96 |       |       |       |       |       ||   108
       Whip              |       |       |   273 |   812 |  1733 |  2257 |    62 ||  5137
Throw: Stone             |       |    12 |       |       |       |       |       ||    12
       Boomerang         |       |     1 |    35 |     1 |     3 |     1 |       ||    41
 Cast: Pain              |    67 |   115 |   149 |   196 |   201 |    37 |       ||   765
       Vampiric Draining |       |     5 |     9 |    66 |    77 |   156 |     5 ||   318
       Poisonous Vapours |       |       |       |    46 |   211 |    97 |    11 ||   365
       Mephitic Cloud    |       |       |       |    11 |    36 |    29 |     1 ||    77
       Olgreb's Toxic Ra |       |       |       |     4 |    86 |    23 |     1 ||   114
       Airstrike         |       |       |       |       |   154 |   824 |    23 ||  1001
       Swiftness         |       |       |       |       |     2 |     3 |     1 ||     6
       Lightning Bolt    |       |       |       |       |       |    27 |     5 ||    32
       Dazzling Spray    |       |       |       |       |       |    25 |     2 ||    27
Invok: Potion Petition   |       |       |     1 |     3 |     1 |     7 |       ||    12
       Call Merchant     |       |       |       |     2 |     3 |       |       ||     5
 Abil: Evoke Blink       |       |       |       |       |       |     5 |       ||     5
Evoke: Wand              |       |       |       |     3 |     6 |     7 |       ||    16
  Use: Scroll            |       |     8 |     8 |    16 |    17 |     9 |     1 ||    59
 Stab: Sleeping          |     5 |     2 |       |       |     1 |       |       ||     8
       Distracted        |       |       |     1 |     5 |     7 |     3 |       ||    16
       Confused          |       |       |       |     8 |    13 |    12 |       ||    33
       Invisible         |       |       |       |       |       |     8 |       ||     8
Armor: Robe              |     8 |    11 |       |       |   166 |       |       ||   185
       Ring mail         |       |    42 |   106 |   267 |   201 |       |       ||   616
       Leather armour    |       |       |       |       |     3 |       |       ||     3
       Ice dragon scales |       |       |       |       |    62 |   950 |    48 ||  1060
Dodge: Dodged            |    26 |    54 |   121 |   240 |   442 |   613 |    30 ||  1526
Block: Buckler           |       |    19 |    44 |     2 |       |       |       ||    65
       Shield            |       |       |       |   345 |   690 |  1107 |    44 ||  2186
